TOP OF THE 1ST |
Toronto Blue Jays batting - Pitching for Seattle Mariners : LHP Randy Jones
|
Pitching: LHP Randy Jones
|
|
Batting: SHB Harold Reynolds
|
0-0: Called Strike 0-1: Called Strike 0-2: Ball 1-2: Ball 2-2: Ball 3-2: Fly out, F9 (Flyball, 9LS, EV 83.1 MPH)
|
Batting: RHB Jose Gonzalez
|
0-0: Ball 1-0: Swinging Strike 1-1: Foul Ball, location: 2F 1-2: Strikes out swinging
|
Batting: LHB Chad Daley
|
0-0: Called Strike 0-1: Fly out, F8 (Flyball, 8LM, EV 90.0 MPH)
|
Top of the 1st over - 0 runs, 0 hits, 0 errors, 0 left on base; Toronto 0 - Seattle 0 |
BOTTOM OF THE 1ST |
Seattle Mariners batting - Pitching for Toronto Blue Jays : RHP Storm Davis
|
Pitching: RHP Storm Davis
|
|
Batting: SHB Miguel Dilone
|
0-0: Called Strike 0-1: Ball 1-1: Ball 2-1: Foul Ball, location: 2F 2-2: Ball 3-2: Base on Balls
|
Batting: LHB Jose Perales
|
0-0: Ball Miguel Dilone steals 2nd base 1-0: Foul Ball, location: 2F 1-1: Ball 2-1: Called Strike 2-2: Ground out U3 (Groundball, 13, EV 80.0 MPH) Miguel Dilone to third
|
Batting: RHB Robin Yount
|
0-0: Reached on error, E6 (Groundball, 6M, EV 90.0 MPH) Miguel Dilone scores
|
Batting: LHB Don Mattingly
|
0-0: Fly out, F7 (Flyball, 7, EV 78.8 MPH)
|
Batting: LHB Chris Wynn
|
0-0: Ball 1-0: Foul Ball, location: 2F 1-1: SINGLE (Line Drive, 6MD, EV 94.4 MPH) Robin Yount to second Runner from 2nd tries for 3rd, SAFE, throw by CF made to third
|
Batting: LHB Mike Stenhouse
|
0-0: Ground out 1-3 (Groundball, 13S, EV 68.8 MPH)
|
Bottom of the 1st over - 1 run, 1 hit, 1 error, 2 left on base; Toronto 0 - Seattle 1 |
TOP OF THE 2ND |
Toronto Blue Jays batting - Pitching for Seattle Mariners : LHP Randy Jones
|
Batting: RHB Andres Galarraga
|
0-0: Ground out 4-3 (Groundball, 4D, EV 102.5 MPH)
|
Batting: RHB Juan Monasterio
|
0-0: Ball 1-0: Swinging Strike 1-1: Ground out 5-3 (Groundball, 56, EV 103.8 MPH)
|
Batting: LHB Steve Stroughter
|
0-0: Ball 1-0: Ground out 4-3 (Groundball, 4MD, EV 100.0 MPH)
|
Top of the 2nd over - 0 runs, 0 hits, 0 errors, 0 left on base; Toronto 0 - Seattle 1 |
BOTTOM OF THE 2ND |
Seattle Mariners batting - Pitching for Toronto Blue Jays : RHP Storm Davis
|
Batting: RHB John Rabb
|
0-0: Fly out, F7 (Line Drive, 7, EV 95.0 MPH)
|
Batting: RHB Ryne Sandberg
|
0-0: Ball 1-0: Called Strike 1-1: Ground out 6-3 (Groundball, 6, EV 79.4 MPH)
|
Batting: LHB Ivan Flores
|
0-0: Called Strike 0-1: Fly out, F8 (Flyball, 78D, EV 90.0 MPH)
|
Bottom of the 2nd over - 0 runs, 0 hits, 0 errors, 0 left on base; Toronto 0 - Seattle 1 |
TOP OF THE 3RD |
Toronto Blue Jays batting - Pitching for Seattle Mariners : LHP Randy Jones
|
Batting: RHB Cal Ripken
|
0-0: Ball 1-0: Fly out, F7 (Flyball, 78D, EV 81.9 MPH)
|
Batting: LHB Carlos May
|
0-0: Ball 1-0: Foul Ball, location: 2F 1-1: Ground out 6-3 (Groundball, 6M, EV 106.9 MPH)
|
Batting: RHB Jim G Wilson
|
0-0: Called Strike 0-1: Foul Ball, location: 2F 0-2: Ground out 6-3 (Groundball, 6, EV 89.4 MPH)
|
Top of the 3rd over - 0 runs, 0 hits, 0 errors, 0 left on base; Toronto 0 - Seattle 1 |
BOTTOM OF THE 3RD |
Seattle Mariners batting - Pitching for Toronto Blue Jays : RHP Storm Davis
|
Batting: SHB Miguel Dilone
|
0-0: Called Strike 0-1: Swinging Strike 0-2: Fly out, F9 (Flyball, 89M, EV 90.0 MPH)
|
Batting: LHB Jose Perales
|
0-0: SINGLE (Line Drive, 7S, EV 95.0 MPH)
|
Batting: RHB Robin Yount
|
0-0: Ball Jose Perales steals 2nd base 1-0: Foul Ball, location: 2F 1-1: Fly out, F9 (Flyball, 9LM, EV 73.1 MPH)
|
Batting: LHB Don Mattingly
|
0-0: Foul Ball, location: 2F 0-1: Ball 1-1: Swinging Strike 1-2: Fly out, F8 (Flyball, 8RXD, EV 102.5 MPH)
|
Bottom of the 3rd over - 0 runs, 1 hit, 0 errors, 1 left on base; Toronto 0 - Seattle 1 |
TOP OF THE 4TH |
Toronto Blue Jays batting - Pitching for Seattle Mariners : LHP Randy Jones
|
Batting: SHB Harold Reynolds
|
0-0: Called Strike 0-1: Ball 1-1: Ground out 5-3 (Groundball, 6S, EV 90.0 MPH)
|
Batting: RHB Jose Gonzalez
|
0-0: Fly out, F8 (Flyball, 78S, EV 90.6 MPH)
|
Batting: LHB Chad Daley
|
0-0: Ball 1-0: Ball 2-0: Foul Ball, location: 2F 2-1: Foul Ball, location: 2F 2-2: Fly out, F9 (Flyball, 9LM, EV 88.1 MPH)
|
Top of the 4th over - 0 runs, 0 hits, 0 errors, 0 left on base; Toronto 0 - Seattle 1 |
BOTTOM OF THE 4TH |
Seattle Mariners batting - Pitching for Toronto Blue Jays : RHP Storm Davis
|
Batting: LHB Chris Wynn
|
0-0: Foul Ball, location: 2F 0-1: Called Strike 0-2: Foul Ball, location: 2F 0-2: Ball 1-2: Ball 2-2: Strikes out swinging
|
Batting: LHB Mike Stenhouse
|
0-0: Ball 1-0: Ball 2-0: Foul Ball, location: 2F 2-1: SINGLE (Groundball, 56S, EV 71.9 MPH) (infield hit)
|
Batting: RHB John Rabb
|
0-0: Foul Ball, location: 2F 0-1: Foul Ball, location: 2F 0-2: Ball 1-2: Strikes out looking
|
Batting: RHB Ryne Sandberg
|
0-0: Called Strike 0-1: Called Strike 0-2: SINGLE (Flyball, 78S, EV 91.3 MPH) Mike Stenhouse to second Runner from 2nd tries for 3rd, OUT! 7-5
|
Bottom of the 4th over - 0 runs, 2 hits, 0 errors, 1 left on base; Toronto 0 - Seattle 1 |
TOP OF THE 5TH |
Toronto Blue Jays batting - Pitching for Seattle Mariners : LHP Randy Jones
|
Batting: RHB Andres Galarraga
|
0-0: Called Strike 0-1: Ball 1-1: Fly out, F8 (Flyball, 8RM, EV 93.1 MPH)
|
Batting: RHB Juan Monasterio
|
0-0: Ball 1-0: Foul Ball, location: 2F 1-1: Foul Ball, location: 2F 1-2: Ball 2-2: Fly out, F9 (Flyball, 9LS, EV 89.4 MPH)
|
Batting: LHB Steve Stroughter
|
0-0: Swinging Strike 0-1: Ball 1-1: Ball 2-1: Foul Ball, location: 2F 2-2: Foul Ball, location: 2F 2-2: Foul Ball, location: 2F 2-2: Fly out, F8 (Flyball, 8LXD, EV 90.6 MPH)
|
Top of the 5th over - 0 runs, 0 hits, 0 errors, 0 left on base; Toronto 0 - Seattle 1 |
BOTTOM OF THE 5TH |
Seattle Mariners batting - Pitching for Toronto Blue Jays : RHP Storm Davis
|
Batting: LHB Ivan Flores
|
0-0: Ground out 6-3 (Groundball, 6, EV 104.4 MPH)
|
Batting: SHB Miguel Dilone
|
0-0: Ball 1-0: Called Strike 1-1: Foul Ball, location: 2F 1-2: Strikes out swinging
|
Batting: LHB Jose Perales
|
0-0: Ball 1-0: Called Strike 1-1: Ball 2-1: Foul Ball, location: 2F 2-2: Ground out 5-3 (Groundball, 56, EV 104.4 MPH)
|
Bottom of the 5th over - 0 runs, 0 hits, 0 errors, 0 left on base; Toronto 0 - Seattle 1 |
TOP OF THE 6TH |
Toronto Blue Jays batting - Pitching for Seattle Mariners : LHP Randy Jones
|
Batting: RHB Cal Ripken
|
0-0: Ball 1-0: Foul Ball, location: 2F 1-1: SINGLE (Line Drive, 4MD, EV 99.4 MPH)
|
Batting: LHB Carlos May
|
0-0: Called Strike 0-1: Foul Ball, location: 2F 0-2: Strikes out swinging
|
Batting: RHB Jim G Wilson
|
0-0: Swinging Strike 0-1: Ball 1-1: Fly out, F8 (Flyball, 8LM, EV 86.3 MPH)
|
Batting: SHB Harold Reynolds
|
0-0: Called Strike 0-1: Ball 1-1: SINGLE (Line Drive, 6MD, EV 97.5 MPH) Cal Ripken to second Runner from 2nd tries for 3rd, SAFE, throw by CF made to third
|
Batting: RHB Jose Gonzalez
|
0-0: Called Strike 0-1: Ball 1-1: Ball 2-1: Ground out 4-3 (Groundball, 4MS, EV 64.4 MPH)
|
Top of the 6th over - 0 runs, 2 hits, 0 errors, 2 left on base; Toronto 0 - Seattle 1 |
BOTTOM OF THE 6TH |
Seattle Mariners batting - Pitching for Toronto Blue Jays : RHP Storm Davis
|
Batting: RHB Robin Yount
|
0-0: Ball 1-0: Swinging Strike 1-1: Called Strike 1-2: Strikes out swinging
|
Batting: LHB Don Mattingly
|
0-0: Called Strike 0-1: Fly out, F7 (Flyball, 7D, EV 101.3 MPH)
|
Batting: LHB Chris Wynn
|
0-0: Ball 1-0: Ball 2-0: Foul Ball, location: 2F 2-1: Foul Ball, location: 2F 2-2: Foul Ball, location: 2F 2-2: Foul Ball, location: 2F 2-2: Strikes out swinging
|
Bottom of the 6th over - 0 runs, 0 hits, 0 errors, 0 left on base; Toronto 0 - Seattle 1 |
TOP OF THE 7TH |
Toronto Blue Jays batting - Pitching for Seattle Mariners : LHP Randy Jones
|
Batting: LHB Chad Daley
|
0-0: Called Strike 0-1: Fly out, F7 (Line Drive, 7, EV 88.1 MPH)
|
Batting: RHB Andres Galarraga
|
0-0: Ball 1-0: Swinging Strike 1-1: Swinging Strike 1-2: Ball 2-2: Strikes out swinging
|
Batting: RHB Juan Monasterio
|
0-0: Ball 1-0: Ball 2-0: Foul Ball, location: 2F 2-1: Ball 3-1: Swinging Strike 3-2: SINGLE (Groundball, 6MD, EV 101.3 MPH)
|
Pitching: LHP Rich Rodas
|
|
Pinch Hitting: RHB Jason Adams
|
0-0: Fielders Choice at 2nd, 6-4 (Groundball, 6, EV 85.6 MPH)
|
Top of the 7th over - 0 runs, 1 hit, 0 errors, 1 left on base; Toronto 0 - Seattle 1 |
BOTTOM OF THE 7TH |
Seattle Mariners batting - Pitching for Toronto Blue Jays : RHP Storm Davis
|
Now in LF: Eddie Milner
|
|
Batting: LHB Mike Stenhouse
|
0-0: Ball 1-0: Ball 2-0: Ground out U3 (Groundball, 34, EV 101.3 MPH)
|
Batting: RHB John Rabb
|
0-0: Ball 1-0: Foul Ball, location: 2F 1-1: Foul Ball, location: 2F 1-2: Ball 2-2: Strikes out swinging
|
Batting: RHB Ryne Sandberg
|
0-0: Ground out 5-3 (Groundball, 56, EV 100.6 MPH)
|
Bottom of the 7th over - 0 runs, 0 hits, 0 errors, 0 left on base; Toronto 0 - Seattle 1 |
TOP OF THE 8TH |
Toronto Blue Jays batting - Pitching for Seattle Mariners : LHP Rich Rodas
|
Pitching: RHP Nick Bowditch
|
|
Now in CF: Ramon Estepa
|
|
Batting: RHB Cal Ripken
|
0-0: Called Strike 0-1: Foul Ball, location: 2F 0-2: Ball 1-2: Strikes out swinging
|
Batting: LHB Carlos May
|
0-0: Ball 1-0: Ball 2-0: Fly out, F8 (Flyball, 8LD, EV 80.6 MPH)
|
Batting: RHB Jim G Wilson
|
0-0: Called Strike 0-1: Called Strike 0-2: Ball 1-2: Strikes out looking
|
Top of the 8th over - 0 runs, 0 hits, 0 errors, 0 left on base; Toronto 0 - Seattle 1 |
BOTTOM OF THE 8TH |
Seattle Mariners batting - Pitching for Toronto Blue Jays : RHP Storm Davis
|
Batting: LHB Ivan Flores
|
0-0: Foul Ball, location: 2F 0-1: Ball 1-1: Foul Ball, location: 2F 1-2: Ball 2-2: Strikes out swinging
|
Batting: SHB Miguel Dilone
|
0-0: Foul Ball, location: 2F 0-1: Called Strike 0-2: Ball 1-2: Ball 2-2: Ball 3-2: Reached on error, E7 (Flyball, 7S, EV 76.9 MPH)
|
Batting: LHB Jose Perales
|
0-0: Ball 1-0: Swinging Strike 1-1: Swinging Strike 1-2: Ball 2-2: Foul Ball, location: 2F 2-2: Ball Miguel Dilone steals 2nd base (no throw) 3-2: Foul Ball, location: 2F 3-2: Foul Ball, location: 2F 3-2: Strikes out swinging
|
Batting: RHB Robin Yount
|
0-0: Ball 1-0: Ball 2-0: Foul Ball, location: 2F 2-1: Ball 3-1: Swinging Strike 3-2: Ground out 5-3 (Groundball, 56, EV 101.3 MPH)
|
Bottom of the 8th over - 0 runs, 0 hits, 1 error, 1 left on base; Toronto 0 - Seattle 1 |
TOP OF THE 9TH |
Toronto Blue Jays batting - Pitching for Seattle Mariners : RHP Nick Bowditch
|
Batting: SHB Harold Reynolds
|
0-0: Ball 1-0: Ball 2-0: Ball 3-0: Called Strike 3-1: Base on Balls
|
Batting: RHB Jose Gonzalez
|
0-0: Bunted foul 0-1: Bunt - Flyout to 2R! F2
|
Batting: LHB Chad Daley
|
0-0: Ball 1-0: Fly out, F4 (Popup, 23, EV 85.6 MPH)
|
Batting: RHB Andres Galarraga
|
0-0: Ball 1-0: Hit by Pitch Harold Reynolds to second
|
Batting: RHB Juan Monasterio
|
0-0: Ball 1-0: Fly out, F7 (Flyball, 7LS, EV 83.1 MPH)
|
Top of the 9th over - 0 runs, 0 hits, 0 errors, 2 left on base; Toronto 0 - Seattle 1 |
|